 Dungeon Crawl Stone Soup version 0.30-a0-972-gf3ab3527aa (webtiles) character file.

Game seed: 16897229789382408523

97 cforsyth the Shield-Bearer (level 5, -8/42 HPs)
             Began as a Formicid Fighter on Mar 31, 2023.
             Mangled by an ogre
             ... wielding a +0 giant club
              (14 damage)
             ... on level 4 of the Dungeon.
             The game lasted 00:01:20 (797 turns).

cforsyth the Shield-Bearer (Formicid Fighter)        Turns: 797, Time: 00:01:21

Health: -8/42      AC:  6    Str: 22    XL:     5   Next: 0%
Magic:  5/5        EV:  9    Int:  8    God:
Gold:   25         SH:  5    Dex: 13    Spells: 4/4 levels left

rFire   . . .      SeeInvis +    a - +0 flail
rCold   . . .      Faith    .    c - +0 buckler
rNeg    . . .      Spirit   .    b - +0 scale mail
rPois   .          Reflect  .    (helmet unavailable)
rElec   .          Rampage  .    (no cloak)
rCorr   .                        (no gloves)
Will    .....                    (no boots) Stlth
                                 (no amulet)
HPRegen 0.27/turn                (no ring)
MPRegen 0.09/turn                (no ring)

@: mighty
A: permanent stasis, dig shafts and tunnels, antennae 3, four strong arms
a: Dig, Shaft Self


You were on level 4 of the Dungeon.
You visited 1 branch of the dungeon, and saw 3 of its levels.

You collected 25 gold pieces.

Inventory:

Hand Weapons
 a - a +0 flail (weapon)
Armour
 b - a +0 scale mail (worn)
 c - a +0 buckler (worn)
Jewellery
 j - a +4 ring of protection
Scrolls
 g - 3 scrolls of teleportation {unknown}
 h - a scroll of identify {unknown}
 k - a scroll of immolation {unknown}
Potions
 e - a potion of curing {unknown}
 f - a potion of attraction {unknown}
 i - a potion of brilliance {unknown}


   Skills:
 + Level 4.2 Fighting
 * Level 3.6 Maces & Flails
 - Level 3.6 Armour
 - Level 4.3 Shields


You had 4 spell levels left.
You didn't know any spells.
Your spell library contained the following spells:

 Spells                   Type           Power      Damage    Failure   Level
 Magic Dart               Conj           0%         1d3       80%         1
 Slow                     Hex            0%         N/A       80%         1
 Searing Ray              Conj           0%         2d4       91%         2
 Confusing Touch          Hex            0%         N/A       99%         3
 Vampiric Draining        Necr           0%         2d6       99%         3
 Fulminant Prism          Conj/Hex       0%         3d5       100%        4


Dungeon Overview and Level Annotations

Branches:
Dungeon (2/15)

Altars:


Innate Abilities, Weirdness & Mutations

You cannot be hasted, slowed, berserked, paralysed or teleported.
You can dig through walls and to a lower floor.
You have a pair of large antennae on your head. (SInv)
Your four strong arms can wield two-handed weapons with a shield.


Message History

The scorpion stings you. The kobold hits you with a +0 club.
You hit the scorpion.
The scorpion is severely wounded.
The scorpion barely misses you. The kobold hits you but does no damage.
The scorpion stings you but does no damage.
You sock the scorpion!
You kill the scorpion!
The kobold hits you but does no damage. The ogre barely misses you.
The kobold hits you but does no damage.
Your Fighting skill increases to level 4!
Your Maces & Flails skill increases to level 3!
You have reached level 4!
You feel clever. The kobold attacks as you move away!
The kobold hits you with a +0 club.
Unknown command.
Okay, then.
You feel very mighty all of a sudden.
The quokka twitches its whiskers.
The kobold barely misses you.
You closely miss the kobold. The kobold barely misses you.
You sock the kobold!
You kill the kobold!
The quokka bites you.
You bludgeon the quokka!!
You kill the quokka!
You have reached level 5!
You thump the ogre!
The ogre is heavily wounded.
The ogre barely misses you.
You closely miss the ogre.
The ogre is heavily wounded.
The ogre hits you with a +0 giant club!!
Ouch! That really hurt!
* * * LOW HITPOINT WARNING * * *
You barely miss the ogre.
The ogre is heavily wounded.
You thump the ogre!
The ogre is severely wounded.
The ogre hits you with a +0 giant club!
You die...

###.).. #......
###.....##
#........#
##........
#........
#...#..###..##
###..##O......# ##
#.#$..@#......#
##.##.##..##.......
#..........####....
##...........# ##.
###.....#.....#
##....#........
###..#.......
####..#####...
#..#..###.#...


You could see an ogre.

Vanquished Creatures
  A scorpion (D:4)
  An adder (D:4)
  2 dart slugs (D:1)
  6 ball pythons (D:1)
  2 endoplasms (D:1)
  A goblin (D:1)
  2 hobgoblins (D:1)
  2 jackals (D:4)
  A quokka (D:4)
  3 bats
  A frilled lizard (D:1)
  2 kobolds
  3 rats (D:1)
27 creatures vanquished.

Notes
Turn   | Place    | Note
-------+----------+-------------------------------------------
     0 | D:1      | cforsyth the Formicid Fighter began the quest for the Orb.
     0 | D:1      | Reached XP level 1. HP: 18/18 MP: 1/1
   162 | D:1      | Reached XP level 2. HP: 24/24 MP: 2/2
   611 | D:1      | Reached XP level 3. HP: 27/29 MP: 3/3
   732 | D:2      | You fall into a shaft and drop 2 floors!
   779 | D:4      | Noticed a scorpion
   780 | D:4      | Noticed an ogre
   788 | D:4      | Killed a scorpion
   789 | D:4      | Reached XP level 4. HP: 24/37 MP: 4/4
   794 | D:4      | Reached XP level 5. HP: 26/42 MP: 5/5
   797 | D:4      | Mangled by an ogre

Illustrated notes

Levels and vault maps discovered:
D:1:      minmay_arrival_three_doors, layout_loops_ring, lemuel_flame_loot_1
D:2:      layout_loops_corners, shapermc_ecumenical_altar_mp_vishouse,
          minmay_statues_item, minivault_27
D:4:      layout_cave_pools, minmay_temple_entry_overgrown,
          nicolae_shop_firing_range

Skill      XL: |  1  2  3 |
---------------+----------+-----
Fighting       | 4 |  4.2
Maces & Flails | 3 |  3.6
Armour         | |  3.6
Shields        | |  4.3

Action                     |  1- 3 |  4- 6 || total
---------------------------+-------+-------++-------
  Melee: Flail             |    94 |     7 ||   101
    Use: Potion            |       |     1 ||     1
 Armour: Scale mail        |    54 |       ||    54
  Dodge: Dodged            |    64 |     3 ||    67
  Block: Buckler           |    26 |       ||    26

Table legend: (Time is in decaauts)
 A = Elapsed time spent in this place.
 B = Non-inter-level travel time spent in this place.
 C = Inter-level travel time spent in this place.
 D = Time resting spent in this place.
 E = Time spent auto-exploring this place.
 F = Levels seen in this place.
 G = Mean time per level.
                   A        B        C        D        E       F      G
               +--------+--------+--------+--------+--------+-----+--------+
         Total |    827 |    814 |     13 |      0 |    585 |   3 |  275.7 |
       Dungeon |    827 |    814 |     13 |      0 |    585 |   3 |  275.7 |
               +--------+--------+--------+--------+--------+-----+--------+

Top non-repeatable levels by time:
     D:1: 699 daAuts
     D:4: 73 daAuts
     D:2: 55 daAuts
